 Dungeon Crawl Stone Soup version 0.30-a0-920-g7493c07aab (webtiles) character file.

Game seed: 11024712680481338641

131371 dialectric the Tortoise (level 17, -13/120 HPs)
             Began as a Gargoyle Fighter on Mar 21, 2023.
             Was a High Priest of Trog.
             Mangled by a very large slime creature (39 damage)
             ... on level 15 of the Dungeon.
             The game lasted 00:49:29 (28181 turns).

dialectric the Tortoise (Gargoyle Fighter)         Turns: 28181, Time: 00:49:30

Health: -13/120    AC: 45    Str: 28    XL:     17   Next: 10%
Magic:  17/17      EV: 15    Int: 15    God:    Trog [*****.]
Gold:   2334       SH:  5    Dex: 13    Spells: 16/16 levels left

rFire   . . .      SeeInvis .    m - +11 mace of the Quiescent God {heavy, rPois rC+ rCorr}
rCold   + + +      Faith    .    (no shield)
rNeg    + . .      Spirit   .    D - +4 plate armour {rC+}
rPois   ∞          Reflect  +    (no helmet)
rElec   +          Rampage  .    (no cloak)
rCorr   +          NoCast   +    x - +1 pair of gloves "Wemasm" {Int+5}
Will    +....                    K - +0 pair of boots Stlth
                                 E - amulet "Soriymom" {Reflect -Cast rC+ SH+5 Stlth+}
HPRegen 0.40/turn                I - +5 ring of evasion
MPRegen 0.15/turn                e - ring of Igofajea {Drain AC+4 Str+5}

@: flying
A: sickness immunity, AC +12, big wings, negative energy resistance 1,
electricity resistance, torment resistance 1, petrification resistance
a: Renounce Religion, Berserk, Trog's Hand, Brothers in Arms


You were on level 15 of the Dungeon.
You worshipped Trog.
Trog was extremely pleased with you.
You visited 6 branches of the dungeon, and saw 26 of its levels.
You visited 1 bazaar.
You also visited: Gauntlet and Volcano.

You collected 2752 gold pieces.
You spent 418 gold pieces at shops.

Inventory:

Hand Weapons
 m - the +11 mace of the Quiescent God (weapon) {heavy, rPois rC+ rCorr}
   (You found it on level 2 of the Dungeon)

   rC:        It protects you from cold.
   rPois:     It protects you from poison.
   rCorr:     It protects you from acid and corrosion.
 s - the +7 great mace "Obisk" {flame, Contam rPois Str+2 Int+2}
   (You found it in a Gauntlet)

   Str:       It affects your strength (+2).
   Int:       It affects your intelligence (+2).
   rPois:     It protects you from poison.
   Contam:    It causes magical contamination when unequipped.
 C - a +4 morningstar of freezing
 R - the +4 whip of Festu {spect, rF+ rCorr Int-4}
   (You took it off a minotaur in a Gauntlet)

   Int:       It affects your intelligence (-4).
   rF:        It protects you from fire.
   rCorr:     It protects you from acid and corrosion.
Missiles
 y - 53 poisoned darts (quivered)
 O - 3 throwing nets
Armour
 n - a +0 tower shield
 x - the +1 pair of gloves "Wemasm" (worn) {Int+5}
   (You found it in a Gauntlet)

   Int:       It affects your intelligence (+5).
 z - a +2 cloak of preservation
 D - a +4 plate armour of cold resistance (worn)
 K - a +0 pair of boots (worn)
Jewellery
 b - a +4 ring of protection
 e - the ring of Igofajea (right hand) {Drain AC+4 Str+5}
   (You took it off a minotaur in a Gauntlet)

   [ring of protection]

   AC:        It affects your AC (+4).
   Str:       It affects your strength (+5).
   Drain:     It drains your maximum health when unequipped.
 k - the ring "Kiceulaa" {MP+9 Dex+3}
   (You found it on level 1 of the Snake Pit)

   [ring of magical power]

   Dex:       It affects your dexterity (+3).
   MP:        It affects your magic capacity (+9).
 o - an amulet of magic regeneration
 E - the amulet "Soriymom" (around neck) {Reflect -Cast rC+ SH+5 Stlth+}
   (You found it in a Gauntlet)

   [amulet of reflection]

   It reflects blocked missile attacks.
   rC:        It protects you from cold.
   -Cast:     It prevents spellcasting.
   SH:        It affects your SH (+5).
   Stlth:     It makes you more stealthy.
 G - a ring of protection from fire
 I - a +5 ring of evasion (left hand)
 J - a ring of positive energy
 L - an amulet of guardian spirit
 M - an amulet of regeneration
 V - an amulet of the acrobat
Wands
 a - a wand of mindburst (12)
 r - a wand of flame (21)
 t - a wand of polymorph (5)
 H - a wand of iceblast (18)
 N - a wand of acid (7)
 Q - a wand of digging (3)
Scrolls
 c - a scroll of fear
 f - 5 scrolls of teleportation
 g - 13 scrolls of identify
 h - 4 scrolls of torment
 l - 2 scrolls of silence
 u - 2 scrolls of enchant weapon
 P - 3 scrolls of fog
 X - 3 scrolls of blinking
Potions
 d - 2 potions of berserk rage {unknown}
 i - 5 potions of heal wounds
 j - 6 potions of curing
 p - a potion of invisibility
 q - 8 potions of ambrosia
 v - 3 potions of haste
 w - 4 potions of attraction
 A - 5 potions of brilliance {unknown}
 F - 2 potions of cancellation
 S - a potion of resistance
 U - 2 potions of might
 W - a potion of mutation
 Y - 2 potions of lignification {unknown}
Miscellaneous
 Z - a phantom mirror


   Skills:
 + Level 18.3 Fighting
 - Level 2.3 Long Blades
 + Level 15.1 Maces & Flails
 - Level 1.6 Throwing
 * Level 20.9 Armour
 - Level 4.1 Dodging
 - Level 1.3 Stealth
 + Level 3.9 Shields
 + Level 3.0 Evocations


You had 16 spell levels left.
You didn't know any spells.
Your spell library contained the following spells:

 Spells                   Type           Power      Damage    Failure   Level
 Beastly Appendage        Tmut           0%         N/A       75%         1
 Necrotise                Necr           0%         1d4       75%         1
 Momentum Strike          Conj/Tloc      0%         3d8       86%         2
 Searing Ray              Conj           0%         2d4       86%         2
 Wereblood                Tmut           0%         N/A       86%         2
 Mephitic Cloud           Conj/Pois/Air  0%         N/A       98%         3
 Portal Projectile        Hex/Tloc       0%         N/A       98%         3
 Spider Form              Tmut/Pois      0%         N/A       98%         3
 Tukima's Dance           Hex            0%         N/A       98%         3
 Vampiric Draining        Necr           0%         2d6       98%         3
 Dispel Undead            Necr           0%         3d6       100%        4
 Agony                    Necr           0%         N/A       100%        5
 Blade Hands              Tmut           0%         N/A       100%        5
 Death Channel            Necr           0%         N/A       100%        6
 Starburst                Conj/Fire      0%         6d3       100%        6
 Cigotuvi's Dreadful Rot  Necr/Pois/Air  Unusable   N/A       N/A         2

Dungeon Overview and Level Annotations

Branches:
Dungeon (15/15)            Temple (0/1) D:6            Lair (5/5) D:9
 Shoals (1/4) Lair:3        Snake (3/4) Lair:2        Slime (0/5) Lair:5
    Orc (2/2) D:11            Elf (1/3) Orc:2        Vaults (0/5) D:13
 Depths (0/4) D:15        Volcano (visited)         Gauntlet (visited)

Altars:
Ashenzari
Cheibriados
Dithmenos
Kikubaaqudgha
Makhleb
Okawaru
Ru
Trog
Xom
Yredelemnul
The Shining One

Shops:
D:8 (   Orc:2 [*(*

Annotations:
D:7 2 runed translucent doors, pyrography25's ghost, novice MiFi
D:11 2 transporters, exclusion: oklob plant, a11behringer's ghost, journeyman MiBe
Lair:5 1 runed translucent door


Innate Abilities, Weirdness & Mutations

You are immune to sickness and miasma.
Your stone body is resilient. (AC +12)
You are immune to poison.
Your large and strong wings let you fly.
You resist negative energy. (rN+)
You are resistant to electric shocks. (rElec)
You are resistant to unholy torment.
You are immune to petrification.


Message History

A spriggan air mage zombie comes into view.
You bludgeon the slime creature!!
The slime creature is moderately wounded.
The slime creature hits you.
You bludgeon the slime creature!!
The slime creature is almost dead.
Two slime creatures merge to form a large slime creature.
The slime creature hits you but does no damage.
Two slime creatures merge to form a very large slime creature.
You sock the slime creature!
You kill the slime creature!
Trog accepts your kill.
You block the very large slime creature's attack.
You bludgeon the very large slime creature!!
The very large slime creature is lightly wounded.
The very large slime creature hits you!
The very large slime creature misses you.
You bludgeon the very large slime creature!!
The very large slime creature is moderately wounded.
The spriggan air mage zombie hits you but does no damage.
The very large slime creature hits you!!!
You thump the very large slime creature!
The very large slime creature is moderately wounded.
The spriggan air mage zombie hits you but does no damage.
You block the very large slime creature's attack.
You completely miss the very large slime creature.
The very large slime creature is moderately wounded.
You block the very large slime creature's attack.
The spriggan air mage zombie hits you but does no damage.
You bludgeon the very large slime creature!!
The very large slime creature is moderately wounded.
The very large slime creature hits you!!!
* * * LOW HITPOINT WARNING * * *
Unknown command.
The very large slime creature attacks as you move away!
The very large slime creature misses you.
You block the spriggan air mage zombie's attack.
The very large slime creature attacks as you move away!
The very large slime creature hits you!!!
You die...

#..# *,,,* ###..# *,,,*
.....######***,,,*#######********
.)∩........,,,,,,,.......,,,,,,,,
..))...###********.......,,,,,,,,
#####..# *..?....,,,,,,,,
#####..###########.......,,,,,,,,
.................J.......,,,,,,,,
................@ZZ.....#*,,*****
.......................8.,,,,,,,*
.........................,,,,,,8,
.........................,,,,,,,,
.......<.................,,,,,,,,
......................P..,,,,8,,,
#######...........###..8.,,8.8...
#######...........#*,.8.8,8>,8...
......^...........,,,,,88,8......


You could see a very large slime creature, a spriggan air mage zombie and an
iron dragon skeleton.

Vanquished Creatures
  Jorgrun (Orc:2)
  An orc warlord (Orc:2)
  A reaper (Gauntlet)
  A minotaur (Gauntlet)
  7 hydras
  The ghost of bobarctor the Fighter, a journeyman DsBe of Trog (Lair:1)
  An entropy weaver (shapeshifter) (D:13)
  A vault guard (D:13)
  An ogre mage (D:15)
  8 two-headed ogres
  An anaconda (Snake:2)
  6 centaur warriors
  2 catoblepae (D:14)
  A death knight (D:14)
  7 boulder beetles
  A naga warrior (Snake:1)
  An orc high priest (Orc:2)
  2 tengu warriors (D:15)
  4 naga sharpshooters
  A thrashing horror (Gauntlet)
  5 death yaks
  4 shock serpents
  A shadow wraith (D:13)
  11 skeletal warriors
  5 deep elf pyromancers
  8 orc knights
  4 deep elf zephyrmancers
  2 lindwurms (Lair:5)
  The ghost of TheSexyCheese the Arsonist, a novice DEFE (D:8)
  19 ugly things
  A salamander (Snake:2)
  A necromancer (D:15)
  2 orc sorcerers (Orc:2)
  A mana viper (Snake:2)
  6 manticores
  2 centaur zombies (D:10)
  6 cyclopes
  3 elephants (Lair:3)
  15 black mambas
  6 torpor snails
  16 cane toads
  4 molten gargoyles (Volcano)
  A gargoyle (D:12)
  2 minotaur zombies (Gauntlet)
  7 rime drakes
  A freezing wraith (D:13)
  A yaktaur (D:15)
  3 efreet (Volcano)
  2 unseen horrors
  2 kobold demonologists
  2 tengu conjurers (D:13)
  9 komodo dragons
  An ice devil (Gauntlet)
  3 meliai
  A queen bee (Lair:4)
  3 tyrant leeches (Lair:5)
  15 polar bears
  A wind drake (Lair:3)
  9 hornets (Lair:5)
  13 trolls
  7 saltlings (Orc:2)
  16 dream sheep
  3 raiju (Lair:5)
  5 blink frogs (Lair:2)
  16 slime creatures
  5 wyverns
  A shadow (D:12)
  2 unseen horror simulacra (D:8)
  33 yaks
  6 basilisks
  3 wraiths
  3 fire elementals (Volcano)
  8 vampire mosquitoes (D:13)
  A redback simulacrum (D:12)
  9 wargs
  15 nagas
  3 steam dragons
  2 small abominations (Gauntlet)
  12 hell hounds (Lair:5)
  11 water moccasins
  2 acid dragons
  A floating eye (D:12)
  16 orc warriors
  12 black bears
  A sky beast (D:8)
  4 ice beasts (D:8)
  6 ogres
  4 boggarts (D:15)
  21 wolves
  10 centaurs
  A phantom (D:7)
  9 kobold brigands
  14 bullfrogs
  5 gnoll sergeants
  2 scorpions (D:7)
  2 earth elementals (Volcano)
  6 wights
  38 killer bees
  An electric eel (D:8)
  A howler monkey (D:8)
  A crimson imp (D:6)
  4 jellies (Lair:5)
  2 hounds
  10 orc priests
  4 iguanas (D:6)
  12 orc wizards
  16 gnolls
  5 adders
  3 shadow imps (Gauntlet)
  7 white imps
  A howler monkey simulacrum (D:8)
  An ufetubus (D:8)
  2 dart slugs
  56 orcs
  7 ball pythons
  5 endoplasms
  2 giant cockroaches
  5 hobgoblins
  8 jackals
  3 quokkas
  4 bats (D:2)
  5 frilled lizards
  8 goblins
  20 kobolds
  A rat (D:2)
  A fire vortex (Volcano)
  10 pillars of salt (Orc:2)
768 creatures vanquished.

Vanquished Creatures (collateral kills)
  Roxanne (D:14)
  A troll (D:13)
  2 orc warriors (Orc:2)
  A centaur (D:15)
  An orc (Orc:2)
6 creatures vanquished.

Vanquished Creatures (others)
  A demonic plant (Gauntlet)
  A fire vortex (Volcano)
  29 fungi
  2 pillars of salt (Orc:2)
  38 plants
  6 withered plants
77 creatures vanquished.

Grand Total: 851 creatures vanquished

Notes
Turn   | Place    | Note
-------+----------+-------------------------------------------
     0 | D:1      | dialectric the Gargoyle Fighter began the quest for the
                  | Orb.
     0 | D:1      | Reached XP level 1. HP: 14/14 MP: 1/1
   222 | D:1      | Reached XP level 2. HP: 19/19 MP: 2/2
   557 | D:1      | Reached XP level 3. HP: 23/24 MP: 3/3
  1238 | D:2      | Reached skill level 4 in Armour
  1461 | D:2      | Identified the +11 mace of the Quiescent God {heavy, rPois
                  | rC+ rCorr}
  2040 | D:2      | Reached skill level 1 in Dodging
  2143 | D:2      | Reached XP level 4. HP: 29/29 MP: 4/4
  2596 | D:3      | Found a faded altar of an unknown god.
  3070 | D:4      | Reached skill level 1 in Maces & Flails
  3206 | D:4      | You fall into a shaft and drop 2 floors!
  3225 | D:6      | Reached XP level 5. HP: 33/33 MP: 5/5
  3280 | D:6      | Reached XP level 6. HP: 9/38 MP: 6/6
  3485 | D:6      | Noticed a steam dragon
  3488 | D:6      | Killed a steam dragon
  3489 | D:6      | Reached skill level 5 in Armour
  3495 | D:6      | Noticed a black bear
  3500 | D:6      | Killed a black bear
  3501 | D:6      | Reached skill level 5 in Maces & Flails
  3501 | D:6      | Reached XP level 7. HP: 43/43 MP: 7/7
  3575 | D:6      | Found a staircase to the Ecumenical Temple.
  4103 | D:6      | Found a shimmering altar of Xom.
  4103 | D:6      | Found a burning altar of Makhleb.
  4562 | D:7      | Reached skill level 6 in Armour
  4562 | D:7      | Reached XP level 8. HP: 46/48 MP: 8/8
  4828 | D:7      | Found a large runed translucent door.
  4859 | D:7      | Found a large runed translucent door.
  4862 | D:7      | Noticed pyrography25's ghost (novice MiFi)
  4923 | D:7      | Reached skill level 1 in Stealth
  5239 | D:7      | Reached skill level 7 in Armour
  5239 | D:7      | Reached XP level 9. HP: 36/52 MP: 9/9
  5481 | D:8      | Got the Codex of Conjuring
  5536 | D:8      | Noticed a polar bear
  5537 | D:8      | Noticed a death yak
  5541 | D:8      | Reached skill level 8 in Armour
  5650 | D:8      | Reached skill level 10 in Maces & Flails
  5659 | D:8      | Killed a polar bear
  5729 | D:8      | Found Neumomirphi's Weapon Emporium.
  5798 | D:8      | Found a sacrificial altar of Ru.
  5822 | D:8      | Reached skill level 9 in Armour
  6016 | D:8      | Reached XP level 10. HP: 56/56 MP: 10/10
  6042 | D:8      | Found a glowing golden altar of the Shining One.
  6067 | D:8      | Killed a death yak
  6120 | D:8      | Reached skill level 10 in Armour
  6515 | D:9      | Found a staircase to the Lair.
  6807 | D:9      | Found an ancient bone altar of Kikubaaqudgha.
  7178 | D:8      | Reached skill level 11 in Armour
  7406 | D:8      | Found a runed translucent door.
  7406 | D:8      | Noticed TheSexyCheese's ghost (novice DEFE)
  7817 | D:8      | Found an iron altar of Okawaru.
  7935 | D:10     | Entered Level 10 of the Dungeon
  7974 | D:10     | Found a broken altar of Ashenzari.
  8171 | D:10     | Noticed a manticore
  8180 | D:10     | Killed a manticore
  8280 | D:10     | Reached skill level 12 in Armour
  8280 | D:10     | Reached XP level 11. HP: 45/62 MP: 11/11
  8372 | D:10     | Found a bloodstained altar of Trog.
  8382 | D:10     | Became a worshipper of Trog the Wrathful
  8412 | D:10     | Reached skill level 5 in Fighting
  8419 | D:10     | Found a basalt altar of Yredelemnul.
  8570 | D:10     | Found a snail-covered altar of Cheibriados.
  9157 | D:11     | Reached skill level 13 in Armour
  9190 | D:11     | Noticed an oklob plant
  9199 | D:11     | Noticed a manticore
  9208 | D:11     | Found a transporter.
  9230 | D:11     | Found a transporter.
  9231 | D:11     | Noticed a11behringer's ghost (journeyman MiBe)
  9520 | D:11     | Found a staircase to the Orcish Mines.
  9524 | D:11     | Reached * piety under Trog
  9528 | Orc:1    | Entered Level 1 of the Orcish Mines
  9528 | Orc:1    | Noticed an orc knight
  9552 | D:11     | Killed an orc knight
  9869 | D:12     | Noticed a boulder beetle
  9900 | D:12     | Killed a boulder beetle
 10198 | D:8      | Killed TheSexyCheese's ghost
 10286 | Lair:1   | Entered Level 1 of the Lair of Beasts
 10421 | Lair:1   | Found a runed translucent door.
 10421 | Lair:1   | Noticed bobarctor's ghost (journeyman DsBe)
 10425 | Lair:1   | Found a shadowy altar of Dithmenos.
 10437 | Lair:1   | Reached XP level 12. HP: 63/71 MP: 9/12
 10463 | Lair:1   | Reached skill level 14 in Armour
 11213 | Lair:1   | Killed bobarctor's ghost
 11999 | Lair:2   | Found a staircase to the Snake Pit.
 12016 | Lair:2   | Reached ** piety under Trog
 12135 | Lair:2   | Reached skill level 15 in Armour
 12308 | Lair:2   | Reached XP level 13. HP: 69/79 MP: 11/13
 12942 | Lair:3   | Identified the +2 hand axe "Impbane" {heavy, rC+ Will+}
 12949 | Lair:3   | Found a dark tunnel.
 12960 | Volcano  | Entered a volcano
 13903 | Lair:3   | Found a staircase to the Shoals.
 13909 | Lair:3   | Reached skill level 10 in Fighting
 13956 | Shoals:1 | Entered Level 1 of the Shoals
 14439 | Lair:3   | Reached *** piety under Trog
 14641 | Lair:3   | Reached skill level 15 in Maces & Flails
 14828 | Lair:4   | Reached skill level 16 in Armour
 15857 | Lair:5   | Entered Level 5 of the Lair of Beasts
 15918 | Lair:5   | Gained mutation: Your large and strong wings let you fly.
                  | [Gargoyle growth]
 15918 | Lair:5   | Reached XP level 14. HP: 76/90 MP: 12/14
 16562 | Lair:3   | Reached skill level 17 in Armour
 17256 | D:12     | Paralysed by a floating eye for 2 turns
 17500 | D:12     | Reached **** piety under Trog
 18457 | Lair:5   | Found a runed translucent door.
 18685 | Lair:5   | Reached skill level 18 in Armour
 18928 | Lair:5   | Reached ***** piety under Trog
 18936 | Lair:5   | Found a staircase to the Slime Pits.
 18966 | Lair:5   | Reached XP level 15. HP: 100/100 MP: 15/15
 20121 | Snake:1  | Entered Level 1 of the Snake Pit
 20126 | Snake:1  | Received a gift from Trog
 20134 | Snake:1  | Identified the ring "Kiceulaa" {MP+9 Dex+3}
 20439 | Snake:1  | Reached skill level 15 in Fighting
 20760 | Orc:2    | Entered Level 2 of the Orcish Mines
 20942 | Orc:2    | Noticed Jorgrun
 21178 | Orc:2    | Killed Jorgrun
 21615 | Orc:2    | Found a staircase to the Elven Halls.
 21991 | Orc:2    | Noticed an orc warlord
 22004 | Orc:2    | Killed an orc warlord
 22005 | Orc:2    | Reached skill level 19 in Armour
 22006 | Orc:2    | Reached skill level 1 in Throwing
 22558 | Orc:1    | Received a gift from Trog
 23185 | Orc:2    | Found Kyorho's Assorted Antiques.
 23191 | Orc:2    | Bought a scroll of blinking for 195 gold pieces
 23203 | Orc:2    | Found Tusozona's Assorted Antiques.
 23205 | Orc:2    | Found Coramov's Antique Weapon Shoppe.
 23215 | Orc:2    | Bought a scroll of teleportation for 81 gold pieces
 23225 | Orc:2    | Found Nycac's Antique Armour Shoppe.
 23288 | Elf:1    | Entered Level 1 of the Elven Halls
 23346 | Elf:1    | Found a flickering gateway to a bazaar.
 23368 | Bazaar   | Entered a bazaar
 23407 | Bazaar   | Found Limegael's Antique Weapon Emporium.
 23418 | Bazaar   | Found Etafowaf's Antique Weapon Shoppe.
 23434 | Bazaar   | Found Fuelahim's Antique Armour Shoppe.
 23447 | Bazaar   | Bought a glowing cloak for 142 gold pieces
 23458 | Bazaar   | Found Geigiy's Antique Armour Emporium.
 23772 | Snake:2  | You are sucked into a shaft and drop 1 floor!
 23784 | Snake:3  | Reached skill level 1 in Evocations
 23935 | Snake:2  | Reached XP level 16. HP: 77/110 MP: 8/16
 25056 | D:13     | Identified the +2 ring mail "Tirorch" {Harm rF++ Regen+
                  | Slay-4}
 25140 | D:13     | Reached skill level 20 in Armour
 25669 | D:13     | Found a gate to the Vaults.
 25821 | D:14     | Identified Roxanne's Parchment of Geomancy
 25821 | D:14     | Noticed Roxanne
 26703 | D:14     | Killed Roxanne
 26722 | D:15     | Entered Level 15 of the Dungeon
 27121 | D:15     | Found a gate leading to a gauntlet.
 27130 | Gauntlet | Entered a Gauntlet
 27130 | Gauntlet | Found a transporter.
 27130 | Gauntlet | Found a transporter.
 27149 | Gauntlet | Found a transporter.
 27163 | Gauntlet | Found a transporter.
 27163 | Gauntlet | Found a transporter.
 27180 | Gauntlet | Found a transporter.
 27230 | Gauntlet | Found a transporter.
 27230 | Gauntlet | Found a transporter.
 27232 | Gauntlet | Identified the +1 pair of gloves "Wemasm" {Int+5}
 27251 | Gauntlet | Identified the +7 great mace "Obisk" {flame, Contam rPois
                  | Str+2 Int+2}
 27253 | Gauntlet | Found a transporter.
 27261 | Gauntlet | Found a runed translucent door.
 27262 | Gauntlet | Found a transporter.
 27263 | Gauntlet | Found a runed translucent door.
 27311 | Gauntlet | Found a transporter.
 27335 | Gauntlet | Identified the amulet "Soriymom" {Reflect -Cast rC+ SH+5
                  | Stlth+}
 27458 | Gauntlet | Found a transporter.
 27488 | Gauntlet | Identified the +4 whip of Festu {spect, rF+ rCorr Int-4}
 27488 | Gauntlet | Identified the ring of Igofajea {Drain AC+4 Str+5}
 27970 | D:15     | Reached XP level 17. HP: 119/119 MP: 17/17
 27974 | D:15     | Received a gift from Trog
 28181 | D:15     | Mangled by a very large slime creature

Illustrated notes

Levels and vault maps discovered:
D:1:      dpeg_arrival_rhombi, layout_loops_corners,
          chequers_serial_rivers_large_b, roderic_lattice_a
D:2:      layout_loops_corners, serial_co_window_serial, co_window_corner_a,
          co_window_corner_a, co_window_corner_a, co_window_cross_1,
          co_window_paths_a, co_window_paths_b, co_window_paths_a,
          co_window_corner_b, co_window_2corner, co_window_unsneaky_path_d,
          co_window_corner_b, co_window_4corner_b, co_window_4corner_a,
          glass_columns_a
D:3:      layout_loops_ring, basic_ecumenical_altar
D:4:      layout_gridville, mainiacjoe_overflow_catwalk
D:6:      layout_basic, grunt_temple_overflow_champion_of_chaos,
          temple_fountains
D:7:      minmay_bubble_buster, layout_loops_ring, ebering_ghost_disaster_area
D:8:      layout_layer_cave, kennysheep_mini_moat,
          mainiacjoe_overflow_big_doors, gammafunk_ghost_grave, serial_ice,
          serial_ice_b, serial_ice_m, serial_ice_a, serial_ice_j, serial_ice_n,
          serial_shops, nicolae_take_the_stairs, enter_ossuary_2
D:9:      layout_gridville, mainiacjoe_overflow_surrounded_room,
          lair_entry_dummy
D:10:     layout_roguey, ashenzari_conservatory_becter,
          lemuel_zombie_altar_yredelemnul, mainiacjoe_overflow_boulevard,
          kennysheep_slug_shrine
D:11:     layout_basic, hiddenorc1_lemuel, nzn_ghost_randoct
D:12:     layout_rooms, skrybe_limestone_x, onia_ninara_cookie
D:13:     layout_basic, david_vaults_5, hangedman_corner_corridor
D:14:     layout_gridville, hangedman_decor_growths, uniq_roxanne
D:15:     gammafunk_depths_entry_grave, layout_long_grid,
          gauntlet_entry_generic, hangedman_abyss_or_decor_stagger
Lair:1:   layout_loops_ring, basic_altar, gammafunk_ghost_grave
Lair:2:   layout_cave_pods, guppyfry_snake_entry_island, nzn_sisyphean_effort,
          grunt_megastairs_3
Lair:3:   layout_chaotic_city, minmay_shoals_entry_beasts, enter_volcano_1,
          nicolae_quartered_pool_impasse
Lair:4:   layout_loops_ring, grunt_megastairs_5
Lair:5:   hangedman_lair_caniforms_friends, layout_cave_shapes, wormcave,
          nicolae_slime_entry_slimehenge, special_room [special_room_bee],
          chequers_serial_rivers_small_a, lookout_lair_type
Shoals:1: layout_shoals, ebering_ghost_inner_flame
Snake:1:  layout_cave_pods, minmay_shop_grove, nicolae_integral_box,
          lemuel_fruit_tree, serial_bayou_shore_a
Snake:2:  layout_onion_interference, grunt_megastairs_2, minmay_shop_star
Snake:3:  nicolae_snake_nest, layout_grid_shapes, serial_bayou_lagoon_a,
          grunt_ministairs_12, nicolae_snake_omega
Orc:1:    layout_caves, basic_altar
Orc:2:    hellmonk_orc_salted, layout_caves, uniq_jorgrun
Elf:1:    minmay_elf_arrival_summoners, layout_geoelf_grid, serial_shops,
          bzr_entry_water, hangedman_elven_crosses_minicolossus,
          eino_tiny_chamber, lemuel_upstairs_altar

Skill      XL: |  1  2  3  4  5  6  7  8  9 10 11 12 13 14 15 16 17 |
---------------+----------------------------------------------------+-----
Long Blades    | 2 |  2.3
Armour         | 4 5 6 7 9 12 13 15 16 18 19 20 | 20.9
Dodging        | 1 2 4 |  4.1
Fighting       | 4 6 8 11 13 16 18 | 18.3
Maces & Flails | 1 3 5 6 8 10 11 13 14 15 | 15.1
Stealth        | 1 |  1.3
Throwing       | 1 |  1.6
Evocations     | 1 2 3 |  3.0
Shields        | |  3.9

Action                     |  1- 3 |  4- 6 |  7- 9 | 10-12 | 13-15 | 16-18 || total
---------------------------+-------+-------+-------+-------+-------+-------++-------
  Melee: Long sword        |    74 |       |       |       |       |       ||    74
         Punch             |     2 |     1 |     1 |     9 |    13 |    11 ||    37
         Mace              |    20 |    56 |   155 |   525 |  1244 |   501 ||  2501
 Invoke: Berserk           |       |       |       |     4 |    22 |    15 ||    41
         Trog's Hand       |       |       |       |       |     3 |     1 ||     4
         Brothers in Arms  |       |       |       |       |     3 |     2 ||     5
  Evoke: Wand              |       |       |       |       |    13 |    13 ||    26
    Use: Potion            |       |       |     3 |     1 |     3 |     2 ||     9
         Scroll            |       |       |     2 |     6 |    21 |     7 ||    36
   Stab: Distracted        |       |       |       |       |     1 |       ||     1
 Armour: Scale mail        |    62 |    40 |     5 |       |       |       ||   107
         Steam dragon scal |       |       |    42 |       |       |       ||    42
         Plate armour      |       |       |   132 |   537 |  1278 |   406 ||  2353
  Dodge: Dodged            |    51 |    37 |    92 |   509 |  1333 |   329 ||  2351
  Block: Other             |       |       |       |       |       |    32 ||    32
         Reflection        |       |       |       |       |       |     2 ||     2

Table legend: (Time is in decaauts)
 A = Elapsed time spent in this place.
 B = Non-inter-level travel time spent in this place.
 C = Inter-level travel time spent in this place.
 D = Time resting spent in this place.
 E = Time spent auto-exploring this place.
 F = Levels seen in this place.
 G = Mean time per level.
                   A        B        C        D        E       F      G
               +--------+--------+--------+--------+--------+-----+--------+
         Total |  28973 |  27024 |   1949 |   2254 |  17227 |  29 |  999.1 |
       Dungeon |  15638 |  14546 |   1092 |    592 |  10437 |  14 | 1117.0 |
          Lair |   8024 |   7343 |    681 |    425 |   4908 |   5 | 1604.8 |
        Shoals |      9 |      9 |      0 |      0 |      0 |   1 |    9.0 |
     Snake Pit |   1193 |   1110 |     83 |    334 |    191 |   3 |  397.7 |
  Orcish Mines |   2722 |   2630 |     92 |    376 |   1582 |   2 | 1361.0 |
   Elven Halls |    122 |    122 |      0 |      0 |     22 |   1 |  122.0 |
        Bazaar |    168 |    168 |      0 |      0 |     87 |   1 |  168.0 |
       Volcano |    645 |    645 |      0 |    427 |      0 |   1 |  645.0 |
      Gauntlet |    449 |    449 |      0 |    100 |      0 |   1 |  449.0 |
               +--------+--------+--------+--------+--------+-----+--------+

Top non-repeatable levels by time:
  Lair:5: 2141 daAuts
  Lair:4: 1770 daAuts
   Orc:2: 1667 daAuts
     D:8: 1629 daAuts
    D:13: 1567 daAuts
  Lair:3: 1519 daAuts
  Lair:2: 1469 daAuts
    D:12: 1350 daAuts
     D:2: 1287 daAuts
    D:11: 1231 daAuts
     D:9: 1215 daAuts
     D:6: 1187 daAuts
    D:14: 1182 daAuts
     D:7: 1165 daAuts
  Lair:1: 1123 daAuts
